 Dungeon Crawl Stone Soup version 0.21-a0-241-g2cbab09 (webtiles) character file.

287 Blomdor the Chopper (level 6, -3/49 HPs)
             Began as a Barachi Wizard on Sept 4, 2017.
             Slain by a phantom (4 damage)
             ... on level 4 of the Dungeon.
             The game lasted 00:05:55 (2589 turns).

Blomdor the Chopper (Barachi Wizard)                Turns: 2589, Time: 00:05:56

Health: -3/49      AC:  9    Str: 11    XL:     6   Next: 30%
Magic:  6/10       EV:  9    Int: 18    God:
Gold:   104        SH:  0    Dex: 10    Spells: 8/11 levels left

rFire    + . .     SeeInvis .   p - +1 war axe
rCold    + . .     Gourm    .   (no shield)
rNeg     . . .     Faith    .   k - +0 scale mail
rPois    +         Spirit   .   q - +0 helmet
rElec    +         Reflect  .   i - +1 cloak
rCorr    +         Harm     .   (no gloves)
MR       .....                  (no boots)
Stlth    ..........             (no amulet)
HPRegen  0.16/turn              (no ring)
MPRegen  0.12/turn              (no ring)

@: resistant, can't hop, very slightly contaminated, slow
A: +LOS, swims, slowness 1, strong legs 1
a: Hop


You were on level 4 of the Dungeon.
You were hungry.

You visited 1 branch of the dungeon, and saw 4 of its levels.

You collected 104 gold pieces.

Inventory:

Hand Weapons
 b - a +0 flail of venom
 p - a +1 war axe (weapon)
Armour
 i - a +1 cloak (worn)
 k - a +0 scale mail (worn)
 q - a +0 helmet (worn)
Wands
 l - a wand of digging (8/24)
Scrolls
 a - 3 scrolls of remove curse
 f - 2 scrolls of enchant weapon
Potions
 n - a potion of flight
Books
 c - a book of Minor Magic

   Spells                             Type                      Level
   a - Magic Dart                     Conjuration                  1
   b - Blink                          Translocation                2
   c - Call Imp                       Summoning                    2
   d - Slow                           Hexes                        2
   e - Conjure Flame                  Conjuration/Fire             3
   f - Mephitic Cloud                 Conjuration/Poison/Air       3
Comestibles
 d - 2 bread rations
 h - 2 chunks of flesh
 m - a meat ration
 o - a royal jelly


   Skills:
 - Level 4.3 Fighting
 * Level 5.0 Axes
 - Level 2.1 Dodging
 - Level 1.8 Stealth
 - Level 3.2 Spellcasting
 - Level 1.1 Conjurations
 - Level 1.2 Summonings
   Level 1.1 Translocations


You had 8 spell levels left.
You knew the following spells:

 Your Spells              Type           Power        Failure   Level  Hunger
a - Magic Dart            Conj           #...         54%         1    None
b - Call Imp              Summ           #.......     67%         2    ##.....


Dungeon Overview and Level Annotations

Branches:
Dungeon (4/15)
 Temple: D:4-7

Altars:
Ashenzari
Uskayaw

Shops:
D:4 %(


Innate Abilities, Weirdness & Mutations

Shadows flee at your approach. (+LOS)
You can swim through water.
You cover ground slowly.
You can hop short distances.


Message History

The phantom barely misses you.
Okay, then.
Evoke which item? (* to show all) (? for menu, Esc to quit)
Okay, then.
Okay, then.
You closely miss the phantom.
The phantom is moderately damaged.
The phantom hits you.
* * * LOW HITPOINT WARNING * * *
You closely miss the phantom.
The phantom is moderately damaged.
The phantom hits you but does no damage.
You closely miss the phantom.
The phantom is moderately damaged.
The phantom hits you.
* * * LOW HITPOINT WARNING * * *
You miss the phantom.
The phantom is moderately damaged.
The phantom barely misses you. The phantom hits you.
You die...

### .?# ## #.#
.... #.+ #...###.+
# #.......# .#
#.#####.# .#
##.###++# ..#
#@W.....# ...#
#.......####...###
#..###............
#).# #............
#..###............
#.......###.....##
###'#..§..# ....#
#.'∩+.##### ...#
##.#+### ..#


You could see a phantom.

Vanquished Creatures
  An ogre (D:4)
  Crazy Yiuf (D:3)
  A centaur skeleton (D:3)
  Terence (D:2)
  Ijyb (D:3)
  2 adders (D:2)
  4 gnolls (D:3)
  An ooze (D:2)
  A worm (D:2)
  A dart slug (D:3)
  3 orcs (D:3)
  2 giant cockroaches (D:3)
  5 goblins
  8 hobgoblins
  11 kobolds
  A quokka (D:3)
  6 bats
  2 frilled lizards (D:2)
  4 rats
56 creatures vanquished.

Notes
Turn   | Place    | Note
-------+----------+-------------------------------------------
     0 | D:1      | Blomdor the Barachi Wizard began the quest for the Orb.
     0 | D:1      | Reached XP level 1. HP: 13/13 MP: 4/4
    33 | D:1      | Reached skill level 1 in Fighting
   185 | D:1      | Reached XP level 2. HP: 21/22 MP: 6/6
   457 | D:1      | Learned a level 2 spell: Call Imp
   554 | D:2      | Reached XP level 3. HP: 12/29 MP: 4/7
   804 | D:2      | Noticed Terence
   817 | D:2      | Killed Terence
   817 | D:2      | Reached XP level 4. HP: 15/37 MP: 8/8
  1092 | D:2      | Found a hide-covered altar of Uskayaw.
  1291 | D:2      | Reached skill level 1 in Axes
  1564 | D:3      | Noticed Ijyb
  1579 | D:3      | Killed Ijyb
  1579 | D:3      | Reached skill level 2 in Axes
  1588 | D:3      | Reached XP level 5. HP: 42/43 MP: 9/9
  1618 | D:3      | Found a shattered altar of Ashenzari.
  1634 | D:3      | Reached skill level 3 in Axes
  1968 | D:3      | Found a runed door.
  2295 | D:3      | Noticed Crazy Yiuf
  2302 | D:3      | Killed Crazy Yiuf
  2302 | D:3      | Reached skill level 4 in Axes
  2473 | D:3      | Reached XP level 6. HP: 48/49 MP: 10/10
  2502 | D:4      | Found Mynox's Food Shop.
  2520 | D:4      | Found Geanoiq's Antique Weapon Shop.
  2524 | D:4      | Noticed a phantom
  2583 | D:4      | Reached skill level 5 in Axes
  2588 | D:4      | HP: 1/49 [phantom (2)]
  2589 | D:4      | Slain by a phantom

Vault maps used:
D:1:      scummos_arrival_star
D:2:      lemuel_statue_altar, uniq_terence
D:3:      cheibrodos_ashenzari_chains, uniq_crazy_yiuf_cottage, uniq_ijyb
D:4:      serial_shops, shop_fountains, nicolae_shop_behind_doors, shop,
          nicolae_shop_behind_doors, shop, first_bread,
          kennysheep_generic_room_15

Skill      XL: |  1  2  3  4  5  6 |
---------------+-------------------+-----
Fighting       | 1 3 4 |  4.3
Axes           | 2 4 5 |  5.0
Dodging        | |  2.1
Stealth        | |  1.8
Spellcasting   | |  3.2
Conjurations   | |  1.1
Summonings     | |  1.2
Translocations | |  1.1

Action                   |  1- 3 |  4- 6 || total
-------------------------+-------+-------++-------
Melee: Unarmed           |    14 |       ||    14
       Short sword       |    42 |       ||    42
       Whip              |    29 |   114 ||   143
       Flail             |       |    11 ||    11
       War axe           |       |    23 ||    23
 Cast: Magic Dart        |    18 |       ||    18
       Call Imp          |       |     1 ||     1
 Abil: Hop               |     1 |     3 ||     4
  Use: Scroll            |     2 |     5 ||     7
       Potion            |       |     2 ||     2
  Eat: Chunk             |       |     6 ||     6
Armor: Robe              |     6 |       ||     6
       Scale mail        |       |    83 ||    83
Dodge: Dodged            |    75 |    68 ||   143

Table legend:
 A = Spawn XP
 B = Non-spawn XP
 C = Spawn XP percentage of total XP
 D = Spawn monster count
 E = Non-spawn monster count
 F = Spawn count percentage of total count
 G = Total turns spent on level
                    A         B        C        D         E        F      G
               +---------+---------+-------+---------+---------+-------+---------
         Total |      73 |     338 |  17.8 |      15 |      41 |  26.8 |  2589
               +---------+---------+-------+---------+---------+-------+---------
           D:1 |       2 |      22 |   8.3 |       1 |      14 |   6.7 |   517
           D:2 |       6 |      93 |   6.1 |       5 |      16 |  23.8 |  1016
           D:3 |      65 |     131 |  33.2 |       9 |      10 |  47.4 |   969
           D:4 |       0 |      92 |   0.0 |       0 |       1 |   0.0 |    87
               +---------+---------+-------+---------+---------+-------+---------
